 Dungeon Crawl Stone Soup version 0.20.1-1-g8b1a95d (webtiles) character file.

125 slep the Sneak (level 4, -5/34 HPs)
             Began as a Demonspawn Wanderer on Oct 22, 2017.
             Slain by a worm (10 damage)
             ... on level 3 of the Dungeon.
             The game lasted 00:16:35 (2734 turns).

slep the Sneak (Demonspawn Wanderer)                Turns: 2734, Time: 00:16:36

Health: -5/34      AC:  5    Str: 13    XL:     4   Next: 82%
Magic:  4/4        EV: 10    Int: 12    God:
Gold:   102        SH:  0    Dex: 14    Spells: 3/3 levels left

rFire    . . .     SeeInvis .   c - +0 falchion
rCold    . . .     Gourm    .   (no shield)
rNeg     . . .     Faith    .   h - +0 ring mail
rPois    .         Spirit   .   (no helmet)
rElec    .         Reflect  .   (no cloak)
rCorr    .         Harm     .   (no gloves)
MR       .....                  (no boots)
Stlth    +++.......             (no amulet)
Regen    0.2/turn               (no ring)
MPRegen  0.1/turn               (no ring)

@: no status effects
A: claws 1, nightstalker 1
a: no special abilities


You were on level 3 of the Dungeon.
You were very hungry.

You visited 1 branch of the dungeon, and saw 3 of its levels.

You collected 102 gold pieces.

Inventory:

Hand Weapons
 b - a +2 blowgun
 c - a +0 falchion (weapon)
 f - a +0 dagger
 i - a cursed -3 dagger
 r - a +2 dagger of venom
Missiles
 a - 2 curare-tipped needles
 t - 11 poisoned needles
Armour
 e - a +0 robe
 h - a +0 ring mail (worn)
Wands
 m - a wand of digging (6/24)
 s - a wand of clouds (6/9)
Scrolls
 d - 2 scrolls of teleportation
 j - 6 scrolls of identify {unknown}
 l - 3 scrolls of remove curse {unknown}
 n - a scroll of immolation {unknown}
 q - a scroll of noise {unknown}
 v - a scroll of random uselessness {unknown}
Potions
 o - 2 potions of might
 p - a potion of agility
 u - a potion of heal wounds {unknown}
Comestibles
 g - 4 bread rations
 w - a meat ration


   Skills:
 + Level 2.6 Fighting
 + Level 2.1 Long Blades
   Level 1.0 Polearms
 + Level 2.0 Throwing
 + Level 2.4 Armour
 + Level 1.3 Dodging
 + Level 2.7 Stealth


You had 3 spell levels left.
You didn't know any spells.

Dungeon Overview and Level Annotations

Branches:
Dungeon (3/15)

Altars:


Innate Abilities, Weirdness & Mutations

You have sharp fingernails.
You are slightly more attuned to the shadows.


Message History

The leopard gecko misses you.
You riposte.
You barely miss the leopard gecko.
The leopard gecko is moderately wounded.
The worm bites you!
You barely miss the leopard gecko.
The leopard gecko is moderately wounded.
The leopard gecko bites you. The worm closely misses you.
The leopard gecko bites you but does no damage.
You closely miss the leopard gecko.
The leopard gecko is moderately wounded.
The leopard gecko barely misses you.
You riposte.
You hit the leopard gecko.
You kill the leopard gecko!
The worm bites you.
You completely miss the worm. The worm bites you.
You barely miss the worm. You hit the worm but do no damage.
The worm bites you.
* * * LOW HITPOINT WARNING * * *
You hit the worm.
The worm is lightly wounded.
The worm bites you!
You die...

#.# ..# #[##...#
.).....+ .. #.#....# #.#
#.#....# #.# #.#....#
#.# #.#.#..# ##.########
#.#.#..# #!........#.#..
..#.#..###...(..@.......
................w..#.###
###.#.#####.########
#.#.##.......#
#.#.##.##.##.# #.#..#
#.# # #....#.##.#
###....#.##.#
.........##.#


You could see a worm.

Vanquished Creatures
  2 adders
  4 oozes
  4 dart slugs
  4 leopard geckos
  4 orcs (D:3)
  6 bats
  5 giant cockroaches
  4 hobgoblins
  6 jackals
  A quokka (D:2)
  3 frilled lizards
  11 goblins
  6 kobolds
  10 rats
70 creatures vanquished.

Notes
Turn   | Place    | Note
-------+----------+-------------------------------------------
     0 | D:1      | slep the Demonspawn Wanderer began the quest for the Orb.
     0 | D:1      | slep set off with: 2 curare-tipped needles, a +2 blowgun, a +0 falchion, a scroll of teleportation, a +0 robe, a +0 dagger, a bread ration
     0 | D:1      | Reached XP level 1. HP: 16/16 MP: 1/1
   354 | D:1      | Gained mutation: You are slightly more attuned to the shadows. [demonic ancestry]
   354 | D:1      | Reached XP level 2. HP: 12/22 MP: 2/2
   854 | D:1      | Reached skill level 1 in Long Blades
   930 | D:1      | Gained mutation: You have sharp fingernails. [demonic ancestry]
   930 | D:1      | Reached XP level 3. HP: 28/28 MP: 3/3
  1570 | D:2      | Reached XP level 4. HP: 34/34 MP: 4/4
  2734 | D:3      | Slain by a worm

Skill      XL: |  1  2  3  4 |
---------------+-------------+-----
Throwing       | 2 |  2.0
Stealth        | 2 |  2.7
Long Blades    | 1 2 |  2.1
Armour         | 2 |  2.4
Fighting       | |  2.6
Polearms       | |  1.0
Dodging        | |  1.3

Action                   |  1- 3 |  4- 6 || total
-------------------------+-------+-------++-------
Melee: Falchion          |   130 |   115 ||   245
  Use: Potion            |     3 |     2 ||     5
 Stab: Sleeping          |     9 |     2 ||    11
       Distracted        |     1 |       ||     1
  Eat: Chunk             |     1 |     4 ||     5
Armor: Ring mail         |    48 |    54 ||   102
Dodge: Dodged            |    80 |    79 ||   159
       Rpst.: Falchion   |    21 |    22 ||    43
